Map: Heavy Artillery LE

Players

TuKchero

  • Race: Protoss Protoss
  • League: Platinum
  • Spawn Location: 7:00

Arostegui

  • Race: Protoss Protoss
  • League: Gold
  • Spawn Location: 7:00

MattBarry - Winner!

  • Race: Terran Terran
  • Spawn Location: 1:00

MattBarry - Winner!

  • Race: Zerg Zerg
  • Spawn Location: 3:00

VOD

Have the link to the VOD?

Description

Time

  • Played on: Dec. 22, 2022, 6:03 p.m.
  • Length: 17:51
Show
View Real Time Build Order
Export as new Build Order

TuKchero Protoss 

Build Orders:  

Get SALT Encoding   

  12  0:02  Probe  
  13  0:15  Pylon  
  13  0:18  Probe (Chrono Boost)  
  14  0:28  Probe (Chrono Boost)  
  15  0:33  Probe (Chrono Boost)  
  16  0:42  Gateway  
  16  0:44  Probe  
  17  0:55  Assimilator  
  17  0:56  Probe  
  18  1:05  Gateway  
  18  1:08  Probe (Chrono Boost)  
  20  1:18  Probe (Chrono Boost)  
  20  1:22  Assimilator  
  20  1:23  Probe (Chrono Boost)  
  21  1:31  Cybernetics Core  
  21  1:33  Pylon  
  21  1:43  Zealot  
  23  2:04  Probe  
  24  2:09  Stargate  
  24  2:15  Stalker  
  26  2:20  Zealot  
  28  2:25  Probe  
  29  2:34  Warp Gate  
  29  2:37  Probe  
  29  2:41  Pylon  
  30  2:46  Forge  
  30  2:49  Probe  
  31  3:02  Void Ray (Chrono Boost)  
  31  3:05  Pylon  
  39  3:35  Void Ray (Chrono Boost)  
  39  3:36  Stalker  
  41  3:53  Nexus  
  41  4:20  Void Ray (Chrono Boost)  
  45  4:29  Probe  
  46  4:38  Pylon  
  46  4:42  Probe  
  47  4:54  Probe  
  44  5:07  Probe  
  45  5:19  Stalker  
  45  5:20  Stalker  
  45  5:21  Probe (Chrono Boost)  
  50  5:24  Gateway  
  50  5:25  Probe (Chrono Boost)  
  51  5:33  Probe (Chrono Boost)  
  57  5:35  Probe (Chrono Boost)  
  57  5:38  Void Ray  
  57  5:40  Probe (Chrono Boost)  
  57  5:42  Probe (Chrono Boost)  
  59  5:45  Probe  
  60  5:51  Probe  
  60  5:53  Assimilator  
  61  5:57  Probe  
  61  6:03  Probe  
  57  6:27  Pylon  
  57  6:35  Probe (Chrono Boost)  
  58  6:41  Assimilator  
  58  6:44  Void Ray (Chrono Boost)  
  58  6:45  Probe (Chrono Boost)  
  63  6:50  Probe x2 (Chrono Boost)  
  65  6:57  Pylon  
  65  7:01  Probe  
  65  7:02  Probe  
  65  7:04  Nexus  
  67  7:13  Probe  
  67  7:14  Gateway, Probe  
  73  7:15  Gateway  
  73  7:20  Pylon, Void Ray  
  73  7:25  Pylon  
  73  7:26  Probe  
  74  7:38  Stalker x3, Probe  
  77  8:03  Void Ray  
  57  8:09  Pylon  
  57  8:19  Gateway  
  57  8:20  Stalker x3  
  57  8:21  Stalker x2  
  57  8:24  Gateway  
  67  8:33  Probe (Chrono Boost)  
  68  8:35  Assimilator  
  69  8:44  Probe x2 (Chrono Boost)  
  69  8:46  Probe (Chrono Boost)  
  71  8:48  Probe (Chrono Boost)  
  71  8:50  Probe  
  71  8:54  Probe  
  78  8:57  Void Ray  
  78  8:58  Robotics Facility  
  78  8:59  Probe  
  78  9:02  Probe  
  80  9:07  Probe  
  81  9:11  Probe  
  81  9:13  Shield Battery  
  81  9:14  Probe  
  83  9:19  Probe  
  83  9:22  Protoss Ground Weapons Level 1 (Chrono Boost)  
  83  9:23  Probe  
  85  9:26  Probe  
  85  9:31  Shield Battery, Probe  
  87  9:35  Probe  
  92  9:40  Void Ray  
  92  9:46  Stalker x4  
  92  9:47  Stalker x3  
  92  9:48  Probe  
  107  10:04  Observer  
  107  10:15  Pylon  
  107  10:17  Assimilator  
  111  10:23  Void Ray  
  111  10:26  Observer  
  111  10:27  Stargate  
  112  10:42  Twilight Council  
  112  10:47  Stalker x5  
  112  10:48  Stalker  
  82  11:06  Stalker  
  82  11:10  Stalker  
  82  11:11  Stalker x4  
  78  11:12  Stalker  
  73  11:31  Stalker  
  65  11:34  Stalker  
  55  11:51  Stalker  
  55  11:52  Stalker  
  47  12:11  Charge (Chrono Boost)  
  47  12:14  Void Ray x2 (Chrono Boost)  
  55  12:22  Pylon  
  55  12:24  Stalker x2  
  55  12:27  Zealot x2  
  69  12:49  Void Ray  
  69  12:50  Void Ray  
  69  12:53  Gateway  
  69  12:54  Pylon  
  69  12:56  Stalker  
  69  12:57  Pylon, Stalker x2  
  69  12:58  Stalker  
  77  13:26  Zealot  
  77  13:27  Zealot x3  
  85  13:30  Gateway  
  85  13:32  Observer, Void Ray  
  90  13:36  Fleet Beacon  
  90  13:40  Pylon  
  90  13:41  Pylon  
  90  13:44  Pylon  
  90  13:55  Nexus  
  94  13:59  Void Ray  
  94  14:02  Photon Cannon  
  94  14:03  Photon Cannon  
  94  14:05  Protoss Ground Weapons Level 2  
  94  14:06  Gateway  
  94  14:12  Pylon  
  94  14:20  Probe (Chrono Boost)  
  96  14:25  Probe (Chrono Boost)  
  97  14:32  Probe (Chrono Boost)  
  97  14:36  Probe (Chrono Boost)  
  98  14:39  Zealot x2  
  102  14:56  Tempest  
  59  15:42  Zealot x2  
  53  15:43  Zealot x5  
  62  16:03  Zealot x3  
  62  16:04  Zealot x4  
  76  16:14  Dark Shrine  
  76  16:23  Zealot  
  76  16:24  Zealot x3  
  48  16:55  Zealot x4  
  48  16:56  Zealot x3  
  56  17:29  Dark Templar x3  
  38  17:30  Dark Templar x3  
Show
View Real Time Build Order
Export as new Build Order

Arostegui Protoss 

Build Orders:  

Get SALT Encoding   

  12  0:00  Probe  
  13  0:16  Pylon  
  13  0:22  Probe  
  14  0:34  Probe  
  15  0:40  Gateway  
  15  0:46  Probe (Chrono Boost)  
  15  0:48  Assimilator  
  16  0:56  Probe (Chrono Boost)  
  17  1:01  Probe (Chrono Boost)  
  18  1:13  Probe  
  19  1:25  Probe  
  20  1:27  Assimilator  
  20  1:32  Cybernetics Core  
  20  1:48  Probe  
  20  1:51  Pylon  
  21  1:58  Zealot  
  23  2:16  Warp Gate, Nexus  
  23  2:18  Probe (Chrono Boost)  
  24  2:27  Gateway, Probe (Chrono Boost)  
  25  2:32  Probe (Chrono Boost)  
  26  2:48  Pylon  
  26  3:09  Gateway  
  26  3:12  Gateway  
  26  3:19  Pylon  
  26  3:34  Pylon  
  26  3:35  Probe (Chrono Boost)  
  28  3:42  Forge  
  28  3:44  Probe (Chrono Boost)  
  28  3:45  Probe (Chrono Boost)  
  29  3:49  Probe (Chrono Boost)  
  29  3:50  Probe  
  29  3:54  Pylon  
  31  4:01  Probe  
  31  4:02  Probe  
  31  4:04  Shield Battery  
  31  4:05  Stalker  
  31  4:07  Stalker  
  35  4:14  Probe  
  36  4:18  Stalker  
  36  4:20  Stalker  
  40  4:31  Shield Battery  
  40  4:38  Stalker x2  
  42  5:20  Stalker x4  
  50  5:27  Photon Cannon  
  50  5:30  Photon Cannon  
  50  5:34  Shield Battery  
  50  5:46  Photon Cannon  
  44  6:31  Stalker x4  
  50  6:37  Pylon  
  50  6:47  Gateway x2  
  50  6:49  Probe x2  
  50  6:51  Protoss Ground Weapons Level 1  
  52  6:54  Assimilator  
  52  6:58  Assimilator  
  52  7:01  Robotics Facility, Probe x2  
  53  7:06  Twilight Council  
  54  7:12  Photon Cannon  
  54  7:13  Probe x2  
  56  7:25  Probe  
  51  7:53  Stalker  
  51  7:54  Stalker x5  
  39  8:30  Stalker  
  39  8:32  Stalker x4  
  39  8:33  Stalker  
  51  8:36  Probe x2  
  53  8:49  Probe (Chrono Boost)  
  53  8:54  Probe (Chrono Boost)  
  55  8:58  Probe (Chrono Boost)  
  55  9:02  Probe (Chrono Boost)  
  57  9:03  Probe (Chrono Boost)  
  58  9:13  Probe  
  58  9:16  Nexus  
  58  9:18  Pylon  
  58  9:20  Charge  
  58  9:25  Probe  
  58  9:30  Protoss Ground Weapons Level 2  
  59  9:37  Shield Battery  
  58  9:54  Stalker  
  58  9:55  Stalker x5  
  70  10:18  Pylon  
  70  10:26  Robotics Facility  
  70  10:28  Templar Archives  
  70  10:32  Nexus  
  70  10:38  Forge  
  66  10:45  Gateway  
  66  10:49  Stalker x4  
  58  10:50  Stalker x2  
  58  11:19  Stalker x2  
  58  11:20  Stalker x4  
  66  12:08  Pylon  
  66  12:10  Pylon  
  66  12:13  Zealot x6  
  66  12:14  Zealot  
  80  12:23  Probe (Chrono Boost)  
  80  12:24  Protoss Ground Armor Level 1  
  80  12:27  Protoss Ground Weapons Level 3  
  80  12:29  Shield Battery  
  79  12:30  Shield Battery  
  79  12:32  Probe (Chrono Boost)  
  76  12:37  Probe (Chrono Boost)  
  76  12:42  Stalker x5  
  76  12:43  Stalker x2  
  91  13:26  Photon Cannon  
  91  13:30  Photon Cannon  
  91  13:32  Photon Cannon  
  91  13:33  Probe (Chrono Boost)  
  92  13:34  Photon Cannon  
  92  13:36  Photon Cannon  
  92  13:37  Pylon  
  92  13:39  Stalker x4  
  101  13:42  Probe (Chrono Boost)  
  101  13:46  Pylon  
  101  13:55  Assimilator, Probe  
  102  13:59  Assimilator, Shield Battery  
  102  14:07  Probe  
  103  14:10  Stalker  
  103  14:11  Stalker x5  
  103  14:12  Stalker  
  117  14:17  Psionic Storm  
  117  14:23  Blink  
  117  14:45  Pylon  
  117  14:47  Pylon  
  79  15:18  Nexus  
  53  15:24  Zealot  
  53  15:25  Zealot x6  
  39  15:47  Stalker x2  
  39  15:48  Stalker x2  
  42  16:01  High Templar x3  
  47  16:08  Archon  
  47  16:16  High Templar x4  
  55  16:20  Archon  
  55  16:22  Archon  
  55  16:39  High Templar x2  
  59  16:40  High Templar  
  39  17:01  High Templar x2  
  39  17:02  High Templar x2  
  39  17:05  Archon x3  
  47  17:18  High Templar  
  47  17:19  High Templar x2  
  53  17:23  Archon x2  
Show
View Real Time Build Order
Export as new Build Order

MattBarry Terran - Winner!

Build Orders: 2 Factory, Hellion Opening 

Get SALT Encoding   

  12  0:00  SCV  
  13  0:12  SCV  
  14  0:17  Supply Depot  
  14  0:24  SCV  
  15  0:38  SCV  
  15  0:40  Barracks  
  16  0:47  Refinery  
  16  0:50  SCV  
  17  1:02  SCV  
  18  1:15  SCV  
  19  1:26  Marine  
  19  1:27  Orbital Command  
  20  1:39  Command Center  
  20  1:44  Marine  
  21  1:49  Supply Depot  
  21  1:53  SCV  
  22  2:02  Barracks Reactor  
  22  2:09  Factory  
  22  2:10  SCV  
  23  2:22  SCV  
  24  2:27  Refinery  
  24  2:34  SCV  
  25  2:47  SCV  
  25  2:50  Barracks Tech Lab  
  26  2:59  Factory, SCV  
  26  3:02  Orbital Command  
  26  3:05  Hellion x2  
  31  3:13  SCV  
  32  3:25  SCV  
  37  3:27  Hellion x2  
  37  3:33  SCV  
  38  3:36  Supply Depot  
  38  3:37  Starport  
  38  3:38  SCV  
  39  3:45  SCV  
  44  3:48  Hellion x2  
  44  4:03  Marine  
  44  4:08  Armory  
  45  4:10  Widow Mine x2  
  45  4:14  SCV x2  
  51  4:18  Engineering Bay  
  51  4:23  Marine  
  52  4:26  SCV x2  
  54  4:32  Supply Depot  
  54  4:35  Viking  
  56  4:43  Widow Mine x2  
  58  4:47  Marine  
  40  5:11  Viking  
  34  5:16  Thor  
  34  5:17  Hellion x2  
  42  5:24  SCV  
  43  5:36  SCV  
  43  5:39  Hellion x2  
  43  5:41  Viking  
  50  5:48  SCV  
  51  6:00  SCV  
  51  6:01  Thor  
  58  6:11  Viking  
  58  6:28  Orbital Command  
  58  6:32  Hellion x2  
  62  6:45  Viking  
  64  7:01  SCV x2  
  66  7:10  Supply Depot x3  
  66  7:12  Widow Mine x2  
  70  7:31  Viking, SCV x2  
  68  7:47  Thor  
  68  7:48  Hellion x2  
  65  8:30  Thor, Hellion x2  
  65  8:33  SCV  
  65  8:34  SCV  
  77  8:39  Refinery  
  77  8:40  Refinery  
  77  8:46  SCV x2, Command Center  
  79  8:51  Factory  
  79  8:54  Factory  
  79  8:58  SCV x2, Hellion x2  
  85  9:14  Hellion  
  87  9:19  Hellion  
  87  9:23  Hellion  
  92  9:31  SCV x2  
  93  9:41  Supply Depot x3  
  93  9:42  Supply Depot  
  93  9:43  SCV  
  94  9:58  SCV x2, Hellion x3  
  102  10:19  Thor, Hellion  
  110  10:29  Factory Tech Lab  
  110  10:30  Factory Tech Lab  
  108  11:02  Thor  
  110  11:14  Thor x2  
  110  11:16  Hellion  
  110  11:17  Hellion  
  120  11:38  Hellion x2  
  120  11:44  Thor  
  103  11:57  Thor x2  
  89  12:20  Command Center  
  89  12:23  Hellion x2  
  89  12:26  Terran Vehicle And Ship Armor Level 1  
  89  12:27  Thor  
  99  12:40  Thor x2  
  99  12:41  Command Center  
  111  12:44  Orbital Command  
  111  13:29  Thor x2  
  111  13:31  Thor  
  129  13:46  Supply Depot  
  129  14:12  Thor  
  135  14:22  Orbital Command  
  135  14:28  SCV x2  
  137  14:39  Thor x2  
  137  14:40  SCV x2  
  151  14:58  Orbital Command  
  131  15:17  Thor  
  131  15:22  Thor x2  
  125  15:47  SCV x4  
  129  15:51  Refinery  
  129  15:52  Refinery  
  129  15:59  SCV x4  
  133  16:09  Thor x2  
  145  16:12  Hellion x3  
  145  16:13  Command Center  
  115  16:59  Thor x3  
  115  17:00  Hellion  
  115  17:01  Hellion  
  137  17:22  Hellion x2  
Show
View Real Time Build Order
Export as new Build Order

MattBarry Zerg - Winner!

Build Orders: Hatch First 

Get SALT Encoding   

  12  0:00  Drone  
  13  0:09  Drone  
  14  0:16  Overlord  
  14  0:24  Drone, Extractor  
  14  0:35  Drone  
  15  0:37  Drone  
  16  0:56  Hatchery  
  15  1:04  Drone  
  16  1:12  Spawning Pool  
  16  1:16  Drone  
  16  1:23  Drone  
  16  1:24  Drone  
  18  1:58  Drone  
  18  1:59  Queen  
  18  2:01  Drone  
  22  2:08  Overlord  
  22  2:12  Extractor  
  22  2:13  Drone  
  22  2:16  Metabolic Boost  
  22  2:25  Evolution Chamber  
  22  2:28  Evolution Chamber, Drone  
  21  2:34  Drone  
  22  2:37  Drone x2  
  22  2:38  Drone  
  25  2:56  Drone x2  
  27  2:59  Queen  
  27  3:00  Drone x2  
  31  3:07  Zerg Melee Weapons Level 1  
  31  3:13  Zerg Ground Armor Level 1  
  31  3:18  Drone x2  
  33  3:23  Drone x2  
  33  3:24  Drone  
  36  3:43  Lair  
  36  3:47  Overlord  
  36  3:56  Overlord  
  36  3:57  Overlord  
  36  4:07  Spore Crawler  
  36  4:08  Spore Crawler  
  34  4:10  Queen  
  34  4:11  Spore Crawler  
  34  4:14  Spore Crawler  
  34  4:22  Spore Crawler  
  33  4:48  Zergling x6  
  33  4:49  Zergling x4  
  38  4:53  Zergling x8  
  42  5:01  Queen  
  45  5:35  Zergling x4  
  45  5:36  Zergling x2  
  45  5:41  Queen  
  49  5:43  Drone x3  
  49  6:15  Zergling x2  
  49  6:16  Zergling x16  
  56  6:51  Hatchery  
  55  7:13  Spine Crawler  
  54  7:16  Spine Crawler  
  52  7:49  Zergling x12  
  40  8:16  Spine Crawler  
  39  8:27  Zergling x2  
  39  8:28  Zergling x8  
  44  8:42  Extractor  
  44  8:47  Zerg Melee Weapons Level 2, Infestation Pit  
  42  8:48  Zerg Ground Armor Level 2  
  42  8:53  Drone x2  
  42  8:54  Drone x3  
  47  9:03  Drone  
  48  9:38  Spine Crawler  
  47  9:52  Overlord  
  47  9:53  Overlord  
  47  9:54  Zergling x22  
  47  9:55  Zergling x8  
  47  9:59  Hive  
  62  10:06  Extractor  
  61  10:14  Overlord  
  61  10:15  Zergling x8  
  61  10:16  Zergling x6  
  68  10:39  Drone  
  68  10:40  Drone x5  
  58  10:51  Zergling x6  
  58  10:52  Zergling x4  
  46  11:47  Drone x2  
  46  11:48  Drone x15  
  46  11:52  Zerg Melee Weapons Level 3  
  46  11:53  Zerg Ground Armor Level 3  
  63  11:54  Adrenal Glands  
  63  11:55  Overlord  
  63  12:21  Hatchery  
  62  13:23  Zergling x2  
  62  13:24  Zergling x4  
  62  13:25  Zergling x10  
  62  13:26  Zergling x32  
  86  13:38  Overlord x4  
  86  13:57  Hydralisk Den  
  85  14:19  Zergling x16  
  93  14:24  Queen  
  95  14:36  Overseer  
  95  15:00  Queen  
  68  15:35  Zergling x2  
  68  15:36  Zergling x36  
  68  15:37  Zergling x32  
  97  16:05  Overlord  
  97  16:06  Overlord x2  
  97  16:07  Overlord  
  97  16:08  Zergling x2  
  97  16:09  Zergling x8  
  102  16:26  Grooved Spines  
  102  16:29  Hydralisk Den  
  98  17:02  Spire  
Tags
 
Add a new tag
Caveats
  • Supply blocks, unpowered buildings, or Contaminate may cause inaccurate times.
  • Supply counts are checked every 10 seconds.